 Dungeon Crawl Stone Soup version 0.32-a0-33-g74fbe469d6 (webtiles) character file.

Game seed: 5133423564516082132

29056 fbkbkkjr the Protected (level 13, -1/119 HPs)
             Began as a Minotaur Fighter on Jan 21, 2024.
             Was a High Priest of Okawaru.
             Killed from afar by a rakshasa (14 damage)
             ... with a lance of force
             ... on level 14 of the Dungeon.
             The game lasted 00:37:29 (14254 turns).

fbkbkkjr the Protected (Minotaur Fighter)          Turns: 14254, Time: 00:37:36

Health: -1/119     AC: 20    Str: 26    XL:     13   Next: 13%
Magic:  10/12      EV: 14    Int:  5    God:    Okawaru [*****.]
Gold:   751        SH:  0    Dex: 10    Spells: 12/12 levels left

rFire   + . .        z - +2 executioner's axe (heavy)
rCold   . . .        (shield currently unavailable)
rNeg    + . .        j - +0 chain mail
rPois   .            (helmet restricted)
rElec   +            p - +0 cloak
rCorr   .            y - +1 pair of gloves "Gaixi" {Rampage rElec rN+ Stlth+}
SInv    +            H - +0 pair of boots "Trusted Companion" {rF+}
Will    .....        k - amulet of regeneration
Stlth   +            D - ring of see invisible
HPRegen 1.19/turn    m - ring of flight
MPRegen 0.13/turn

%: rampage
@: heroic, flying
A: horns 2, retaliatory headbutt
a: Renounce Religion, Heroism, Finesse, Duel


You were on level 14 of the Dungeon.
You worshipped Okawaru.
Okawaru was extremely pleased with you.
You visited 2 branches of the dungeon, and saw 15 of its levels.
You also visited: Gauntlet.

You collected 861 gold pieces.
You spent 110 gold pieces at shops.

Inventory:

Hand Weapons
 a - a +1 war axe of venom
 f - the +11 longbow of Fysif {heavy, Stlth+}
   (You took it off a minotaur in a Gauntlet)

   Stlth+:    It makes you more stealthy.
 r - a +1 dire flail of draining
 z - a +2 heavy executioner's axe (weapon)
 F - a +3 war axe
 G - a +0 broad axe
Missiles
 u - 4 throwing nets (quivered)
Armour
 c - a +0 buckler
 j - a +0 chain mail (worn)
 p - a +0 cloak (worn)
 y - the +1 pair of gloves "Gaixi" (worn) {Rampage rElec rN+ Stlth+}
   (You found it in a Gauntlet)

   rElec:     It insulates you from electricity.
   rN+:       It protects you from negative energy.
   Rampage:   It bestows one free step when moving towards enemies.
   Stlth+:    It makes you more stealthy.
 H - the +0 pair of boots "Trusted Companion" (worn) {rF+}
   (Okawaru gifted it to you on level 14 of the Dungeon)

   rF+:       It protects you from fire.
Jewellery
 k - an amulet of regeneration (around neck)
 m - a ring of flight (right hand)
 o - a ring of protection from cold
 t - a ring of resist corrosion
 D - a ring of see invisible (left hand)
Wands
 b - a wand of paralysis (11)
 d - a wand of flame (10)
 l - a wand of iceblast (6)
 w - a wand of mindburst (5)
 A - a wand of polymorph (1)
Scrolls
 h - 4 scrolls of immolation
 q - a scroll of teleportation
 v - 4 scrolls of identify
Potions
 e - 4 potions of attraction
 g - 2 potions of ambrosia
 i - a potion of curing
 x - a potion of cancellation
 C - a potion of enlightenment
 E - a potion of invisibility
Miscellaneous
 n - a phial of floods
 B - a tin of tremorstones (1/2)


   Skills:
 + Level 12.6(17.6) Fighting
 + Level 12.3(17.3) Axes
 + Level 12.6(17.6) Armour
 + Level 11.2(16.2) Dodging
 + Level 12.6(17.6) Shields


You had 12 spell levels left.
You didn't know any spells.
Your spell library contained the following spells:

 Spells                   Type           Power      Damage    Failure   Level
 Kiss of Death            Conj/Necr      0%         2d5       83%         1
 Ensorcelled Hibernation  Hex/Ice        0%         N/A       93%         2
 Lesser Beckoning         Tloc           0%         N/A       93%         2
 Scorch                   Fire           0%         2d5       93%         2
 Sublimation of Blood     Necr           0%         N/A       93%         2
 Confusing Touch          Hex            0%         N/A       99%         3
 Frozen Ramparts          Ice            0%         1d1       99%         3
 Gell's Gravitas          Tloc           0%         N/A       99%         3
 Ozocubu's Armour         Ice            0%         N/A       99%         3
 Passwall                 Erth           0%         N/A       99%         3
 Swiftness                Air            0%         N/A       99%         3
 Teleport Other           Tloc           0%         N/A       99%         3
 Dispel Undead            Necr           0%         3d6       100%        4
 Flame Wave               Conj/Fire      0%         2d4       100%        4
 Ignite Poison            Fire/Alch      0%         N/A       100%        4
 Leda's Liquefaction      Alch/Erth      0%         N/A       100%        4
 Petrify                  Alch/Erth      0%         N/A       100%        4
 Sticky Flame             Fire/Alch      0%         2d4       100%        4
 Alistair's Intoxication  Alch           0%         N/A       100%        5
 Borgnjor's Vile Clutch   Necr/Erth      0%         N/A       100%        5
 Metabolic Englaciation   Hex/Ice        0%         N/A       100%        5
 Dispersal                Tloc           0%         N/A       100%        6
 Eringya's Noxious Bog    Alch           0%         4d6       100%        6
 Ignition                 Fire           0%         3d3       100%        8
 Call Imp                 Summ           Unusable   N/A       N/A         2
 Summon Forest            Summ/Tloc      Unusable   N/A       N/A         5
 Sculpt Simulacrum        Ice/Alch       Unusable   N/A       N/A         6
 Summon Cactus Giant      Summ           Unusable   N/A       N/A         6
 Summon Hydra             Summ           Unusable   N/A       N/A         7

Dungeon Overview and Level Annotations

Branches:
Dungeon (14/15)            Temple (1/1) D:4            Lair (0/5) D:10
    Orc (0/2) D:11         Vaults (0/5) D:13        Gauntlet (visited)

Altars:
Ashenzari
Cheibriados
Dithmenos
Elyvilon
Fedhas
Gozag
Hepliaklqana
Kikubaaqudgha
Makhleb
Nemelex Xobeh
Okawaru
Qazlal
Ru
Sif Muna
Trog
Uskayaw
Vehumet
Wu Jian
Xom
Yredelemnul
Zin
The Shining One

Shops:
D:5 *   D:8 *   D:9 [

Annotations:
D:5 2 transporters, mohammadb5305's ghost, amateur FeCA
D:9 3 runed translucent doors, tish's ghost, novice DjFE


Innate Abilities, Weirdness & Mutations

You have a pair of horns on your head.
You reflexively headbutt those who attack you in melee.


Message History

You are too injured to fight recklessly!
Unknown command.
Unknown command.
You feel better.
Unknown command.
You rampage towards the rakshasa!
You miss the rakshasa.
The rakshasa is heavily wounded.
The rakshasa hits you but does no damage. x2
You barely miss the rakshasa. Your headbutt misses the rakshasa.
The rakshasa is moderately wounded.
The rakshasa barely misses you. You furiously retaliate!
You headbutt the rakshasa!
The injured rakshasa weaves a defensive illusion!
Unknown command.
You slice the rakshasa!!
You kill the rakshasa!
The rakshasa shimmers and vanishes!
You hit the rakshasa but do no damage. The rakshasa completely misses you.
The rakshasa blinks!
The rakshasa hits you with a +0 whip!
* * * LOW HITPOINT WARNING * * *
Unknown command.
You barely miss the rakshasa. Your headbutt misses the rakshasa.
The rakshasa is heavily wounded.
The rakshasa hits you but does no damage.
Unknown command.
You closely miss the rakshasa. Your headbutt misses the rakshasa.
The rakshasa is heavily wounded.
The rakshasa barely misses you. You furiously retaliate!
You headbutt the rakshasa. The rakshasa hits you with a +0 whip!
* * * LOW HITPOINT WARNING * * *
Unknown command.
You gain the combat prowess of a mighty hero.
The rakshasa hits you but does no damage.
You closely miss the rakshasa.
The rakshasa is severely wounded.
You barely miss the rakshasa.
The rakshasa hits you but does no damage.
The rakshasa gestures at you. The lance of force hits you!
You die...

#.....##
##########......#########
.........................
........##..._.........#
........##..P.P........##
.......[##...............
........##...............
###.....(.......R........
###....########.@R.......
.......# #..........
######## #.....?....
#####'#.... .# ... .# ..
# .


You could see 2 rakshasas.

Vanquished Creatures
  A minotaur (Gauntlet)
  Erolcha (D:9)
  4 centaur warriors
  2 boulder beetles
  5 two-headed ogres
  A tengu warrior (D:14)
  Urug (D:11)
  A deep elf knight (D:13)
  An arcanist (Gauntlet)
  2 orc knights (D:13)
  5 deep elf pyromancers
  A manticore (D:13)
  A cyclops (D:14)
  A gargoyle (D:12)
  A kobold demonologist (D:12)
  4 unseen horrors
  A rime drake (D:10)
  A komodo dragon (D:13)
  5 trolls
  3 polar bears
  A tyrant leech (Gauntlet)
  4 hornets
  4 slime creatures (D:12)
  A shadow (D:9)
  2 vampires
  A wyvern (D:8)
  7 wraiths
  6 yaks
  A steam dragon (D:6)
  9 vampire mosquitoes
  2 swamp worms (Gauntlet)
  Edmund (D:5)
  2 acid dragons
  A water moccasin (D:6)
  Duvessa (D:5)
  6 orc warriors
  5 ice beasts (D:10)
  A black bear (D:6)
  3 ogres
  3 centaurs
  4 wolves (D:9)
  2 phantoms
  8 kobold brigands
  9 bullfrogs
  A gnoll sergeant (D:11)
  2 scorpions (D:5)
  Dowan (D:5)
  12 killer bees (D:9)
  5 spriggan skeletons (D:11)
  2 howler monkeys
  A troll skeleton (D:11)
  An electric eel (D:13)
  3 bombardier beetles
  2 lava snakes (D:9)
  3 hounds
  9 orc priests
  A jelly (D:7)
  2 sleepcaps (D:6)
  Ijyb (D:3)
  2 iguanas
  8 orc wizards
  Robin (D:3)
  6 adders
  8 gnolls
  4 white imps
  An ufetubus (D:4)
  2 dart slugs
  27 orcs
  8 ball pythons
  9 endoplasms
  4 giant cockroaches
  13 goblins
  7 hobgoblins
  5 jackals
  20 kobolds
  7 quokkas
  5 bats
  4 frilled lizards
  6 rats
319 creatures vanquished.

Notes
Turn   | Place    | Note
-------+----------+-------------------------------------------
     0 | D:1      | fbkbkkjr the Minotaur Fighter began the quest for the Orb.
     0 | D:1      | Reached XP level 1. HP: 19/19 MP: 0/0
   144 | D:1      | Reached XP level 2. HP: 27/27 MP: 1/1
   368 | D:1      | Reached skill level 1 in Dodging
   584 | D:1      | Reached XP level 3. HP: 32/33 MP: 2/2
  1043 | D:2      | Reached XP level 4. HP: 35/40 MP: 3/3
  1522 | D:3      | Noticed Robin
  1532 | D:3      | Killed Robin
  1676 | D:3      | Found a stormy altar of Qazlal.
  1774 | D:3      | Noticed a phantom
  1782 | D:3      | Killed a phantom
  1783 | D:3      | Reached XP level 5. HP: 41/47 MP: 4/4
  1869 | D:3      | Noticed Ijyb
  1872 | D:3      | Paralysed by Ijyb for 4 turns
  1879 | D:3      | Paralysed by Ijyb for 3 turns
  1886 | D:3      | Paralysed by Ijyb for 5 turns
  1895 | D:3      | Killed Ijyb
  1950 | D:3      | Found a glowing silver altar of Zin.
  1951 | D:3      | Found a hide-covered altar of Uskayaw.
  1952 | D:3      | Found a hazy altar of Hepliaklqana.
  1955 | D:3      | Found a basalt altar of Yredelemnul.
  2222 | D:4      | Noticed a phantom
  2233 | D:4      | Killed a phantom
  2234 | D:4      | Reached XP level 6. HP: 49/55 MP: 5/5
  2342 | D:4      | Reached skill level 5 in Armour
  2342 | D:4      | Reached skill level 5 in Shields
  2524 | D:4      | Reached skill level 5 in Fighting
  2614 | D:4      | Found a staircase to the Ecumenical Temple.
  2620 | Temple   | Entered the Ecumenical Temple
  2630 | Temple   | Became a worshipper of Warmaster Okawaru
  2978 | D:4      | Found a bloodstained altar of Trog.
  3068 | D:5      | Entered Level 5 of the Dungeon
  3068 | D:5      | Found a transporter.
  3157 | D:5      | Found Mobi's Neck Hole.
  3172 | D:5      | Reached XP level 7. HP: 47/61 MP: 6/6
  3315 | D:5      | Found a transporter.
  3318 | D:5      | Noticed mohammadb5305's ghost (amateur FeCA)
  3689 | D:5      | Noticed Edmund
  3704 | D:5      | Killed Edmund
  3704 | D:5      | Reached * piety under Okawaru
  3705 | D:5      | Reached skill level 5 in Axes
  3765 | D:5      | Noticed Duvessa
  3766 | D:5      | Noticed Dowan
  3776 | D:5      | Killed Duvessa
  3778 | D:5      | Killed Dowan
  3855 | D:5      | Reached XP level 8. HP: 70/70 MP: 7/7
  4509 | D:6      | Reached ** piety under Okawaru
  4515 | D:6      | Reached skill level 5 in Dodging
  5624 | D:7      | Reached XP level 9. HP: 34/79 MP: 8/8
  5992 | D:7      | Found a white marble altar of Elyvilon.
  6016 | D:7      | Noticed a two-headed ogre
  6026 | D:7      | Killed a two-headed ogre
  6375 | D:6      | Reached *** piety under Okawaru
  6522 | D:7      | Found a burning altar of Makhleb.
  6538 | D:7      | Noticed a green death
  7420 | D:8      | Reached **** piety under Okawaru
  7492 | D:8      | Reached XP level 10. HP: 87/90 MP: 9/9
  8084 | D:8      | Found Motwigomn's General Store.
  8086 | D:8      | Found Wugius's Specific Store.
  8094 | D:8      | Bought a scroll of revelation for 82 gold pieces
  8098 | D:8      | Bought a scroll of identify for 28 gold pieces
  8525 | D:9      | Found a sparkling altar of Nemelex Xobeh.
  8653 | D:9      | Found a runed translucent gate.
  8653 | D:9      | Found a runed translucent gate.
  8654 | D:9      | Found an opulent altar of Gozag.
  8654 | D:9      | Noticed a boulder beetle
  8655 | D:9      | Found a runed translucent gate.
  8657 | D:9      | Noticed a great orb of eyes
  8657 | D:9      | Noticed a meliai
  8657 | D:9      | Noticed tish's ghost (novice DjFE)
  8785 | D:9      | Found Giunux's Antique Armour Shop.
  8839 | D:9      | Noticed Erolcha
  8847 | D:9      | Killed Erolcha
  8881 | D:9      | Found an ancient bone altar of Kikubaaqudgha.
  8882 | D:9      | Found a blossoming altar of Fedhas.
  9322 | D:10     | Entered Level 10 of the Dungeon
  9372 | D:9      | Reached ***** piety under Okawaru
  9958 | D:10     | Reached XP level 11. HP: 44/99 MP: 10/10
 10025 | D:10     | Found a staircase to the Lair.
 10028 | D:10     | Noticed a two-headed ogre
 10062 | D:10     | Killed a two-headed ogre
 10062 | D:10     | Received a gift from Okawaru
 10063 | D:10     | Reached skill level 10 in Fighting
 10063 | D:10     | Reached skill level 10 in Armour
 10063 | D:10     | Reached skill level 10 in Shields
 10403 | D:11     | Noticed a boulder beetle
 10438 | D:11     | Found a staircase to the Orcish Mines.
 10444 | D:11     | Found a gate leading to a gauntlet.
 10451 | Gauntlet | Entered a Gauntlet
 10451 | Gauntlet | Found a transporter.
 10471 | Gauntlet | Noticed an arcanist
 10503 | Gauntlet | Found a transporter.
 10514 | Gauntlet | Found a transporter.
 10517 | Gauntlet | Found a transporter.
 10524 | Gauntlet | Found a runed translucent door.
 10527 | Gauntlet | Found a transporter.
 10548 | Gauntlet | Found a transporter.
 10548 | Gauntlet | Noticed a death yak
 10549 | Gauntlet | Noticed a death yak
 10549 | Gauntlet | Noticed a death yak
 10549 | Gauntlet | Noticed a death yak
 10549 | Gauntlet | Noticed a death yak
 10550 | Gauntlet | Noticed a death yak
 10554 | Gauntlet | Noticed a quicksilver ooze
 10558 | Gauntlet | Found a transporter.
 10571 | Gauntlet | Noticed a necromancer
 10573 | Gauntlet | Found a transporter.
 10576 | Gauntlet | Noticed a death yak
 10580 | Gauntlet | Noticed a death yak
 10584 | Gauntlet | Noticed a death yak
 10584 | Gauntlet | Noticed a death yak
 10589 | Gauntlet | Found a transporter.
 10589 | Gauntlet | Noticed a death yak
 10603 | Gauntlet | Found a transporter.
 10603 | Gauntlet | Found a transporter.
 10651 | Gauntlet | Found a transporter.
 10665 | Gauntlet | Found a transporter.
 10678 | Gauntlet | Found a transporter.
 10769 | Gauntlet | Killed an arcanist
 10888 | Gauntlet | Identified the +1 pair of gloves "Gaixi" {Rampage rElec rN+
                  | Stlth+}
 11038 | Gauntlet | Identified the +11 longbow of Fysif {heavy, Stlth+}
 11038 | Gauntlet | Identified the +1 crystal plate armour of Eternal Vigilance
                  | {Harm rPois}
 11038 | Gauntlet | Noticed a minotaur
 11055 | Gauntlet | Killed a minotaur
 11055 | Gauntlet | Received a gift from Okawaru
 11056 | Gauntlet | Reached skill level 10 in Axes
 11138 | Gauntlet | Identified the +3 leather armour "Vacsul" {rN++ Dex+3}
 11158 | D:11     | Killed a boulder beetle
 11459 | D:11     | Noticed Urug
 11465 | D:11     | Killed Urug
 11465 | D:11     | Received a gift from Okawaru
 11946 | D:12     | Noticed a deep elf pyromancer
 11952 | D:12     | Killed a deep elf pyromancer
 11963 | D:12     | Noticed a centaur warrior
 11973 | D:12     | Killed a centaur warrior
 11974 | D:12     | Reached XP level 12. HP: 84/110 MP: 11/11
 12184 | D:12     | Noticed a two-headed ogre
 12192 | D:12     | Killed a two-headed ogre
 12440 | D:12     | Noticed a two-headed ogre
 12459 | D:12     | Killed a two-headed ogre
 12460 | D:12     | Reached skill level 10 in Dodging
 12776 | D:13     | Noticed a centaur warrior
 12782 | D:13     | Killed a centaur warrior
 13103 | D:12     | Received a gift from Okawaru
 13195 | D:13     | Noticed a centaur warrior
 13206 | D:13     | Killed a centaur warrior
 13501 | D:13     | Found a gate to the Vaults.
 13599 | D:13     | Received a gift from Okawaru
 13627 | D:13     | Noticed a boulder beetle
 13634 | D:13     | Killed a boulder beetle
 13700 | D:13     | Noticed a two-headed ogre
 13714 | D:13     | Killed a two-headed ogre
 13715 | D:13     | Reached XP level 13. HP: 97/119 MP: 12/12
 13748 | D:13     | You fall into a shaft and drop 1 floor!
 14180 | D:14     | Reached ****** piety under Okawaru
 14183 | D:14     | Acquired a +2 heavy executioner's axe
 14183 | D:14     | Received a gift from Okawaru
 14194 | D:14     | Acquired the +0 pair of boots "Trusted Companion" {rF+}
 14194 | D:14     | Received a gift from Okawaru
 14231 | D:14     | Found a bloodstained altar of Trog.
 14254 | D:14     | Killed from afar by a rakshasa

Illustrated notes

Levels and vault maps discovered:
D:1:      dpeg_arrival_more_subterranean_lakeside_camping, layout_basic,
          hangedman_decor_diamond_cutter, minmay_misc_feat_cross,
          minmay_heptomino_h4
D:2:      layout_basic
D:3:      layout_basic, nicolae_qazlal_scattered_showers, minitemple,
          uniq_robin, uniq_ijyb
D:4:      layout_gridville, marbit_many_paths, minmay_temple_entry_hall,
          kennysheep_generic_room_12
D:5:      layout_layer_cave, gammafunk_ghost_mausoleum,
          nicolae_shop_sticking_my_neck_out, uniq_duvessa, uniq_edmund
D:6:      layout_loops_cross
D:7:      layout_basic, mainiacjoe_overflow_alcove_2, makhleb_altar_promises_db,
          palyth_stone_intersect, uniq_jeremiah
D:8:      layout_loops_corners, nicolae_specific_store, roderic_serpentine_path,
          minmay_misc_feat_ornament
D:9:      layout_loops_corners, nemelex_diamond_rough_becter,
          grunt_temple_overflow_growth_and_decay, serial_shops, shop,
          ebering_ghost_gozag, kennysheep_diamond, uniq_erolcha
D:10:     layout_irregular_city, hellmonk_lair_entry_icy, chequers_mini_garden
D:11:     nicolae_cairo_tiling_very_big, layout_basic, gauntlet_entry_generic,
          hangedman_tell_no_tales, uniq_urug
D:12:     layout_cave_pods
D:13:     layout_basic, hangedman_vaults_entry_quadrant_bands, lightli_minifort
D:14:     layout_stronghold, minmay_tree_intersection, trog_ov_bears_minmay,
          uniq_snorg
Temple:   jpeg_temple_clearing

Skill      XL: |  1  2  3  4  5  6  7  8  9 10 11 12 |
---------------+-------------------------------------+-----
Dodging        | 1 2 3 4 5 7 8 9 11 | 11.2
Armour         | 4 5 6 7 8 9 11 12 | 12.6
Shields        | 4 5 6 7 8 9 11 12 | 12.6
Fighting       | 4 5 6 7 8 9 11 12 | 12.6
Axes           | 3 4 5 6 8 9 10 12 | 12.3

Action                     |  1- 3 |  4- 6 |  7- 9 | 10-12 | 13-15 || total
---------------------------+-------+-------+-------+-------+-------++-------
  Melee: War axe           |    80 |   122 |   246 |   608 |    26 ||  1082
         Headbutt          |     6 |    17 |    46 |   123 |     7 ||   199
         Executioner's axe |       |       |       |       |    11 ||    11
 Invoke: Heroism           |       |       |       |     7 |     1 ||     8
         Receive Weapon    |       |       |       |       |     1 ||     1
         Receive Armour    |       |       |       |       |     1 ||     1
  Evoke: Wand              |       |       |       |     2 |       ||     2
         Tin of tremorston |       |       |       |     2 |       ||     2
         Phial of floods   |       |       |       |     1 |       ||     1
    Use: Scroll            |     4 |     5 |     7 |     9 |       ||    25
         Potion            |       |     1 |     6 |     4 |     1 ||    12
   Stab: Invisible         |       |     1 |       |       |       ||     1
 Armour: Scale mail        |    62 |     5 |       |       |       ||    67
         Chain mail        |       |   110 |   233 |   617 |    57 ||  1017
  Dodge: Dodged            |    37 |    49 |   122 |   341 |    28 ||   577
  Block: Buckler           |    17 |    40 |    76 |   169 |     3 ||   305

Table legend: (Time is in decaauts)
 A = Elapsed time spent in this place.
 B = Non-inter-level travel time spent in this place.
 C = Inter-level travel time spent in this place.
 D = Time resting spent in this place.
 E = Time spent auto-exploring this place.
 F = Levels seen in this place.
 G = Mean time per level.
                   A        B        C        D        E       F      G
               +--------+--------+--------+--------+--------+-----+--------+
         Total |  14364 |  13797 |    567 |    330 |  10699 |  16 |  897.8 |
       Dungeon |  13658 |  13110 |    548 |    226 |  10338 |  14 |  975.6 |
        Temple |     20 |      1 |     19 |      0 |      0 |   1 |   20.0 |
      Gauntlet |    685 |    685 |      0 |    104 |    361 |   1 |  685.0 |
               +--------+--------+--------+--------+--------+-----+--------+

Top non-repeatable levels by time:
     D:7: 1675 daAuts
     D:5: 1512 daAuts
     D:8: 1235 daAuts
     D:9: 1231 daAuts
    D:12: 1097 daAuts
    D:13: 1052 daAuts
     D:4: 1034 daAuts
     D:6: 884 daAuts
    D:11: 841 daAuts
    D:10: 829 daAuts
     D:2: 800 daAuts
     D:1: 752 daAuts
Gauntlet: 685 daAuts
     D:3: 529 daAuts
    D:14: 180 daAuts
